[Event "FICS rated blitz game"]
[Site "FICS freechess.org"]
[FICSGamesDBGameNo "20001849"]
[White "Slardi"]
[Black "randomtask"]
[WhiteElo "1312"]
[BlackElo "1140"]
[WhiteRD "na"]
[BlackRD "na"]
[TimeControl "180+5"]
[Date "1999.09.16"]
[Time "19:27:00"]
[WhiteClock "0:03:00.000"]
[BlackClock "0:03:00.000"]
[ECO "C68"]
[PlyCount "120"]
[Result "1/2-1/2"]

1. e4 e5 2. Nf3 Nc6 3. Bb5 a6 4. Bxc6 bxc6 5. O-O d6 6. d3 Bg4 7. Nbd2 Nf6 8. Qe1 Bxf3 9. Nxf3 g6 10. Bg5 Bg7 11. Qc3 Qd7 12. Bxf6 Bxf6 13. Qe1 O-O 14. b3 d5 15. Rd1 a5 16. exd5 cxd5 17. Nxe5 Bxe5 18. Qxe5 Rfe8 19. Qc3 Qd6 20. Rfe1 Rf8 21. Re2 d4 22. Qd2 c5 23. Rde1 Qc6 24. a4 Rad8 25. Qxa5 Rd5 26. Qd2 Rf5 27. Re5 Rf6 28. Qa5 Rc8 29. Ra1 Rf4 30. Qb5 Qf6 31. Re8+ Rxe8 32. Qxe8+ Kg7 33. f3 Qg5 34. g4 Rxf3 35. Qe2 Qxg4+ 36. Qg2 Qf4 37. Rf1 Qe3+ 38. Kh1 Rxf1+ 39. Qxf1 Qd2 40. h4 Qxc2 41. a5 Qxb3 42. Qf4 Qb1+ 43. Kg2 Qa2+ 44. Kf3 Qxa5 45. Qe5+ Kg8 46. Qe8+ Kg7 47. Qe5+ Kf8 48. Qh8+ Ke7 49. Qe5+ Kd7 50. Qd5+ Kc7 51. Qxf7+ Kd6 52. Qxh7 Qe1 53. Qxg6+ Qe6 54. Qxe6+ Kxe6 55. Ke4 Kf6 56. Kd5 c4 57. Kxd4 cxd3 58. Kxd3 Kg6 59. Ke3 Kh5 60. Kf4 Kxh4 {Neither player has mating material} 1/2-1/2

[Event "FICS rated blitz game"]
[Site "FICS freechess.org"]
[FICSGamesDBGameNo "20001848"]
[White "Lento"]
[Black "Gobi"]
[WhiteElo "1960"]
[BlackElo "1949"]
[WhiteRD "na"]
[BlackRD "na"]
[TimeControl "180+0"]
[Date "1999.09.16"]
[Time "18:38:00"]
[WhiteClock "0:03:00.000"]
[BlackClock "0:03:00.000"]
[ECO "B06"]
[PlyCount "87"]
[Result "1-0"]

1. e4 d6 2. Nf3 g6 3. d4 Bg7 4. Bd3 a6 5. O-O Nf6 6. c3 O-O 7. Qb3 c5 8. Bg5 b5 9. Qc2 c4 10. Be2 Bb7 11. d5 Nbd7 12. Nd4 Nc5 13. f3 Nfd7 14. Be3 Rc8 15. a3 Bxd4 16. Bxd4 Nb3 17. Ra2 f5 18. Nd2 Nxd4 19. cxd4 fxe4 20. fxe4 Rxf1+ 21. Nxf1 Qb6 22. Qc3 Nf6 23. Ng3 h5 24. h4 Rf8 25. Ra1 e6 26. dxe6 Nxe4 27. Nxe4 Bxe4 28. Qe3 d5 29. Qg5 Qxe6 30. Bxh5 Kh7 31. Be2 Qf6 32. Qxf6 Rxf6 33. Rf1 Kg7 34. Rxf6 Kxf6 35. Kf2 a5 36. g4 b4 37. axb4 axb4 38. Ke3 c3 39. bxc3 b3 40. Bb5 b2 41. Kf4 Kg7 42. h5 b1=Q 43. h6+ Kf7 44. Ke5 {Black forfeits on time} 1-0

[Event "FICS rated lightning game"]
[Site "FICS freechess.org"]
[FICSGamesDBGameNo "20001846"]
[White "jco"]
[Black "wanderertom"]
[WhiteElo "1824"]
[BlackElo "1793"]
[WhiteRD "na"]
[BlackRD "na"]
[TimeControl "60+0"]
[Date "1999.09.16"]
[Time "17:06:00"]
[WhiteClock "0:01:00.000"]
[BlackClock "0:01:00.000"]
[ECO "B00"]
[PlyCount "64"]
[Result "0-1"]

1. e4 b6 2. f4 Bb7 3. d3 e6 4. Nf3 Nf6 5. Be2 Bc5 6. Nbd2 O-O 7. Nb3 Be7 8. O-O c5 9. e5 Nd5 10. c4 Nc7 11. Nbd2 Nc6 12. Ne4 d6 13. exd6 Bxd6 14. Nxd6 Qxd6 15. Ne5 Nxe5 16. fxe5 Qxe5 17. Bf4 Qd4+ 18. Kh1 Ne8 19. Bf3 Bxf3 20. Qxf3 Nf6 21. Rae1 Qxb2 22. Be5 Qxa2 23. Bxf6 gxf6 24. Qxf6 Qd2 25. Re5 Rfe8 26. Rg5+ Kf8 27. Qg7+ Ke7 28. Qf6+ Kd7 29. Qxf7+ Re7 30. Qf4 Qxf4 31. Rxf4 a5 32. Re5 a4 {White resigns} 0-1

[Event "FICS rated blitz game"]
[Site "FICS freechess.org"]
[FICSGamesDBGameNo "20001845"]
[White "duzzo"]
[Black "bafq"]
[WhiteElo "1117"]
[BlackElo "1119"]
[WhiteRD "na"]
[BlackRD "na"]
[TimeControl "120+12"]
[Date "1999.09.16"]
[Time "16:31:00"]
[WhiteClock "0:02:00.000"]
[BlackClock "0:02:00.000"]
[ECO "B07"]
[PlyCount "63"]
[Result "1-0"]

1. e4 d6 2. Nf3 Nf6 3. Nc3 g6 4. Bb5+ c6 5. Ba4 Bg7 6. d4 O-O 7. Bg5 Qa5 8. O-O b5 9. Bb3 Ba6 10. Re1 Nbd7 11. e5 b4 12. exf6 exf6 13. Ne4 fxg5 14. Nexg5 h6 15. Ne6 fxe6 16. Rxe6 Kh7 17. Rxd6 Qc7 18. Re6 Rae8 19. Rxe8 Rxe8 20. a3 Rb8 21. axb4 Bb5 22. c4 Bxc4 23. Bxc4 Rxb4 24. Qc2 c5 25. Bd3 Rb6 26. Rc1 Qb7 27. dxc5 Rxb2 28. Qc4 Ne5 29. Qe4 Nxd3 30. Qxd3 Qb4 31. c6 Bd4 32. Nxd4 {Black resigns} 1-0

[Event "FICS rated blitz game"]
[Site "FICS freechess.org"]
[FICSGamesDBGameNo "20001844"]
[White "ridley"]
[Black "Tuareg"]
[WhiteElo "1211"]
[BlackElo "1297"]
[WhiteRD "na"]
[BlackRD "na"]
[TimeControl "300+0"]
[Date "1999.09.16"]
[Time "16:20:00"]
[WhiteClock "0:05:00.000"]
[BlackClock "0:05:00.000"]
[ECO "C50"]
[PlyCount "65"]
[Result "1-0"]

1. e4 e5 2. Nf3 Nc6 3. Bc4 h6 4. d4 Bd6 5. dxe5 Nxe5 6. Nxe5 Bxe5 7. Qf3 Nf6 8. c3 O-O 9. O-O d6 10. Bf4 Qe7 11. Nd2 Re8 12. Rfe1 Bxf4 13. Qxf4 Be6 14. Bb5 c6 15. Bd3 Qd7 16. Re3 d5 17. e5 Nh7 18. Rae1 Rad8 19. Bxh7+ Kxh7 20. Nf3 a6 21. Qh4 Qe7 22. Qg3 Rd7 23. Nd4 Rc7 24. b4 b5 25. Rf3 Qd7 26. h3 Rcc8 27. Qh2 Qc7 28. Nf5 Bxf5 29. Rxf5 Re7 30. Qg3 Rce8 31. Qd3 Rxe5 32. Rfxe5+ Kg8 33. Rxe8# {Black checkmated} 1-0

[Event "FICS rated lightning game"]
[Site "FICS freechess.org"]
[FICSGamesDBGameNo "20001843"]
[White "sethb"]
[Black "fresh"]
[WhiteElo "1857"]
[BlackElo "1729"]
[WhiteRD "na"]
[BlackRD "na"]
[TimeControl "60+0"]
[Date "1999.09.16"]
[Time "16:14:00"]
[WhiteClock "0:01:00.000"]
[BlackClock "0:01:00.000"]
[ECO "D35"]
[PlyCount "111"]
[Result "1-0"]

1. d4 d5 2. c4 e6 3. Nc3 Nf6 4. c5 Nbd7 5. b4 c6 6. a3 a6 7. e3 Be7 8. Bd3 O-O 9. Nf3 Qc7 10. O-O e5 11. dxe5 Nxe5 12. Bd2 Nxf3+ 13. Qxf3 Bg4 14. Qg3 Qxg3 15. hxg3 Rae8 16. f3 Bh5 17. g4 Bg6 18. Bxg6 fxg6 19. Rae1 Nd7 20. Ne2 Ne5 21. Nf4 Nc4 22. Bc1 Bg5 23. g3 Bxf4 24. exf4 h6 25. Kg2 g5 26. fxg5 hxg5 27. Bxg5 Nd2 28. Rxe8 Rxe8 29. Bxd2 Re2+ 30. Rf2 Re5 31. f4 Re4 32. Kf3 Rc4 33. Re2 Rc2 34. Ke3 Ra2 35. Bc1 Ra1 36. Re1 Ra2 37. Re2 Ra1 38. Bd2 Rxa3+ 39. Kf2 Rb3 40. Re8+ Kh7 41. Re2 a5 42. bxa5 Ra3 43. Kg2 Ra2 44. Kh3 Ra4 45. g5 d4 46. Re4 d3 47. Re3 Kg6 48. Rxd3 Ra2 49. Rd6+ Kh7 50. Bc3 g6 51. Rd7+ Kg8 52. Rg7+ Kf8 53. Kg4 Rc2 54. Kf3 Rxc3+ 55. Kg4 Rc4 56. Rf7+ {Black forfeits on time} 1-0

[Event "FICS rated blitz game"]
[Site "FICS freechess.org"]
[FICSGamesDBGameNo "20001842"]
[White "snel"]
[Black "Eomer"]
[WhiteElo "1671"]
[BlackElo "1680"]
[WhiteRD "na"]
[BlackRD "na"]
[TimeControl "180+0"]
[Date "1999.09.16"]
[Time "13:20:00"]
[WhiteClock "0:03:00.000"]
[BlackClock "0:03:00.000"]
[ECO "A45"]
[PlyCount "60"]
[Result "0-1"]

1. d4 Nf6 2. Nc3 e6 3. e4 d6 4. Bg5 Be7 5. Nf3 O-O 6. Qd2 Nbd7 7. Bc4 e5 8. dxe5 Nxe5 9. Nxe5 dxe5 10. O-O Qxd2 11. Bxd2 Bb4 12. a3 Bxc3 13. Bxc3 Nxe4 14. Bxe5 Nd2 15. Bxf7+ Rxf7 16. Rfd1 Nc4 17. Bd4 Bf5 18. b3 Nd6 19. c4 Bc2 20. Re1 Bxb3 21. c5 Nf5 22. Bb2 Bd5 23. Re5 Bc6 24. Rae1 Raf8 25. g3 Nh4 26. f4 Nf3+ 27. Kf2 Nxe1 28. Rxe1 Re8 29. Rd1 Rd7 30. Rxd7 Bxd7 {White resigns} 0-1

[Event "FICS rated blitz game"]
[Site "FICS freechess.org"]
[FICSGamesDBGameNo "20001841"]
[White "bonesaw"]
[Black "andreasw"]
[WhiteElo "1457"]
[BlackElo "1746"]
[WhiteRD "na"]
[BlackRD "na"]
[TimeControl "240+0"]
[Date "1999.09.16"]
[Time "13:19:00"]
[WhiteClock "0:04:00.000"]
[BlackClock "0:04:00.000"]
[ECO "E21"]
[PlyCount "52"]
[Result "0-1"]

1. d4 Nf6 2. c4 e6 3. Nc3 Bb4 4. Nf3 O-O 5. Bg5 h6 6. Bh4 c5 7. e3 Qa5 8. Qc2 Ne4 9. Rc1 f5 10. Bd3 cxd4 11. exd4 Qxa2 12. Bxe4 fxe4 13. Qxe4 Qxb2 14. Qe3 Bxc3+ 15. Qxc3 Qxc3+ 16. Rxc3 Nc6 17. Rd3 d5 18. cxd5 exd5 19. O-O Bf5 20. Rb3 b6 21. Re1 Be4 22. Rc3 Rac8 23. Rd1 Bxf3 24. Rxf3 Nxd4 25. Rxf8+ Kxf8 26. Rxd4 Rc1+ {White resigns} 0-1

[Event "FICS rated blitz game"]
[Site "FICS freechess.org"]
[FICSGamesDBGameNo "20001840"]
[White "MrHell"]
[Black "Hippo"]
[WhiteElo "1820"]
[BlackElo "1780"]
[WhiteRD "na"]
[BlackRD "na"]
[TimeControl "180+3"]
[Date "1999.09.16"]
[Time "13:17:00"]
[WhiteClock "0:03:00.000"]
[BlackClock "0:03:00.000"]
[ECO "B36"]
[PlyCount "87"]
[Result "1-0"]

1. e4 c5 2. Nf3 Nc6 3. d4 cxd4 4. Nxd4 g6 5. c4 Nf6 6. Nc3 d6 7. Be3 Ng4 8. Nxc6 Nxe3 9. Nxd8 Nxd1 10. Rxd1 Kxd8 11. c5 Bd7 12. cxd6 exd6 13. Bc4 Be6 14. Bd5 Bxd5 15. Rxd5 Ke7 16. Rb5 b6 17. Nd5+ Kd7 18. O-O Rc8 19. a4 Rc5 20. b4 Rxb5 21. axb5 Be7 22. Rc1 Bd8 23. Ra1 Ke6 24. Rxa7 Re8 25. Ra8 Ke5 26. f3 f5 27. Nc3 Kd4 28. Nd5 Rf8 29. Nxb6 fxe4 30. fxe4 Kxe4 31. Nd7 Bb6+ 32. Nxb6 Rxa8 33. Nxa8 Kd5 34. b6 Kc6 35. Kf2 Kb7 36. Nc7 Kxb6 37. Ne8 d5 38. Ke3 Kb5 39. Kd4 Kxb4 40. Nf6 Kb5 41. Kxd5 Kb4 42. Nxh7 Kc3 43. Ke4 Kd2 44. Kf3 {Black resigns} 1-0

[Event "FICS rated blitz game"]
[Site "FICS freechess.org"]
[FICSGamesDBGameNo "20001839"]
[White "fun"]
[Black "princess"]
[WhiteElo "2003"]
[BlackElo "1992"]
[WhiteRD "na"]
[BlackRD "na"]
[TimeControl "180+1"]
[Date "1999.09.16"]
[Time "13:08:00"]
[WhiteClock "0:03:00.000"]
[BlackClock "0:03:00.000"]
[ECO "B00"]
[PlyCount "59"]
[Result "1-0"]

1. e4 f6 2. f4 Kf7 3. Nf3 e6 4. e5 Bc5 5. d4 Bb6 6. c4 d6 7. exf6 Nxf6 8. Nc3 Rf8 9. Be2 Nc6 10. Na4 Ba5+ 11. Bd2 Kg8 12. O-O Bxd2 13. Qxd2 Bd7 14. Nc3 a6 15. a3 Qe8 16. Rae1 Qg6 17. Bd3 Qh6 18. Ng5 Rae8 19. d5 exd5 20. Nxd5 Nxd5 21. cxd5 Ne7 22. Bxh7+ Kh8 23. Qd3 Rf6 24. Re3 Ng6 25. Bxg6 Qxg6 26. Qxg6 Rxg6 27. Rxe8+ Bxe8 28. Re1 Bb5 29. Re7 c6 30. Re8# {Black checkmated} 1-0

[Event "FICS rated blitz game"]
[Site "FICS freechess.org"]
[FICSGamesDBGameNo "20001838"]
[White "mohap"]
[Black "girli"]
[WhiteElo "1203"]
[BlackElo "1078"]
[WhiteRD "na"]
[BlackRD "na"]
[TimeControl "240+12"]
[Date "1999.09.16"]
[Time "13:08:00"]
[WhiteClock "0:04:00.000"]
[BlackClock "0:04:00.000"]
[ECO "D11"]
[PlyCount "79"]
[Result "1-0"]

1. d4 d5 2. c4 c6 3. Nf3 Nf6 4. e3 Nbd7 5. Nc3 b6 6. cxd5 cxd5 7. Bd3 Bb7 8. O-O Qc7 9. h3 e5 10. dxe5 Nxe5 11. Nxe5 Qxe5 12. Qa4+ Nd7 13. Bb5 Rd8 14. f4 Qb8 15. Rd1 Qd6 16. Qxa7 Bc6 17. Ne4 Qe6 18. Bxc6 Qxc6 19. Nf6+ Nxf6 20. Qa6 Bc5 21. b4 Bxb4 22. Bd2 Bxd2 23. Rxd2 O-O 24. Rb1 Ne4 25. Rdb2 Nc3 26. Rc1 Ne2+ 27. Qxe2 Qxc1+ 28. Kf2 Rc8 29. Kf3 Qc4 30. Qd2 Qe4+ 31. Kf2 Rc4 32. a3 h5 33. Qd1 Rfc8 34. Kg3 Rc2 35. Rxc2 Rxc2 36. Qf1 Qxe3+ 37. Qf3 Qxf3+ 38. Kxf3 Ra2 39. a4 Rxa4 40. Ke3 {Black forfeits on time} 1-0

[Event "FICS rated blitz game"]
[Site "FICS freechess.org"]
[FICSGamesDBGameNo "20001837"]
[White "Candel"]
[Black "Raiz"]
[WhiteElo "1717"]
[BlackElo "1796"]
[WhiteRD "na"]
[BlackRD "na"]
[TimeControl "120+15"]
[Date "1999.09.16"]
[Time "13:00:00"]
[WhiteClock "0:02:00.000"]
[BlackClock "0:02:00.000"]
[ECO "A43"]
[PlyCount "48"]
[Result "0-1"]

1. d4 c5 2. d5 d6 3. e4 Nf6 4. f3 e5 5. c4 Nbd7 6. Bd3 Be7 7. f4 exf4 8. Bxf4 Qb6 9. Qd2 Nh5 10. Be3 Ne5 11. Be2 Nf6 12. Nc3 Qb4 13. b3 Bd8 14. Nf3 Ba5 15. Rc1 Qa3 16. Nxe5 Nxe4 17. Qc2 Nxc3 18. O-O dxe5 19. Bh5 g6 20. Qf2 Bf5 21. g4 Qxa2 22. Qh4 Ne2+ 23. Kg2 Nf4+ 24. Kf3 Qg2# {White checkmated} 0-1

[Event "FICS rated blitz game"]
[Site "FICS freechess.org"]
[FICSGamesDBGameNo "20001835"]
[White "Eastwood"]
[Black "Iberville"]
[WhiteElo "1980"]
[BlackElo "2096"]
[WhiteRD "na"]
[BlackRD "na"]
[TimeControl "240+0"]
[Date "1999.09.16"]
[Time "12:03:00"]
[WhiteClock "0:04:00.000"]
[BlackClock "0:04:00.000"]
[ECO "B38"]
[PlyCount "88"]
[Result "0-1"]

1. d4 Nf6 2. c4 g6 3. Nf3 Bg7 4. Nc3 c5 5. e4 cxd4 6. Nxd4 d6 7. Be2 O-O 8. O-O Nc6 9. Be3 Bd7 10. h3 Rc8 11. Qd2 Re8 12. f4 a6 13. f5 Ne5 14. b3 Qa5 15. Rac1 b5 16. cxb5 axb5 17. Ndxb5 Bxb5 18. Nxb5 Qxd2 19. Bxd2 Nxe4 20. Bf4 gxf5 21. Bxe5 Rxc1 22. Rxc1 Bxe5 23. Bd3 Bf4 24. Rf1 Be3+ 25. Kh2 e6 26. Bxe4 fxe4 27. Nxd6 Ra8 28. Nxe4 Rxa2 29. Rb1 Bf4+ 30. Kh1 Re2 31. Nf6+ Kf8 32. b4 Ke7 33. Nh5 Be3 34. Ng3 Rc2 35. b5 Bb6 36. Ne4 f5 37. Ng5 h6 38. Nf3 Kd6 39. h4 Kc5 40. Re1 Kd6 41. Rd1+ Ke7 42. Rb1 Kf6 43. Ne1 Rc4 44. Nd3 Rxh4# {White checkmated} 0-1

[Event "FICS rated blitz game"]
[Site "FICS freechess.org"]
[FICSGamesDBGameNo "20001834"]
[White "MartinG"]
[Black "jadc"]
[WhiteElo "1727"]
[BlackElo "1713"]
[WhiteRD "na"]
[BlackRD "na"]
[TimeControl "180+0"]
[Date "1999.09.16"]
[Time "11:45:00"]
[WhiteClock "0:03:00.000"]
[BlackClock "0:03:00.000"]
[ECO "B45"]
[PlyCount "48"]
[Result "0-1"]

1. e4 c5 2. Nc3 Nc6 3. Nge2 e6 4. d4 cxd4 5. Nxd4 Nf6 6. Be3 Bb4 7. Qd3 O-O 8. Bd2 a6 9. a3 Ba5 10. Be2 Qc7 11. O-O d6 12. f4 b5 13. Kh1 Bb7 14. Bf3 Bb6 15. Be3 e5 16. Nf5 Bxe3 17. Qxe3 g6 18. Nh6+ Kg7 19. f5 Nd4 20. Rac1 Rac8 21. Rf2 Qc5 22. fxg6 fxg6 23. Re1 Ne6 24. Qxc5 Nxc5 {White resigns} 0-1

[Event "FICS rated blitz game"]
[Site "FICS freechess.org"]
[FICSGamesDBGameNo "20001833"]
[White "AVA"]
[Black "kotov"]
[WhiteElo "1762"]
[BlackElo "1712"]
[WhiteRD "na"]
[BlackRD "na"]
[TimeControl "120+12"]
[Date "1999.09.16"]
[Time "11:37:00"]
[WhiteClock "0:02:00.000"]
[BlackClock "0:02:00.000"]
[ECO "B40"]
[PlyCount "56"]
[Result "0-1"]

1. e4 c5 2. Nf3 e6 3. Bc4 d5 4. exd5 exd5 5. Bb5+ Bd7 6. Qe2+ Be7 7. O-O Nf6 8. Re1 a6 9. Bxd7+ Qxd7 10. d3 Nc6 11. Bg5 O-O 12. Ne5 Nxe5 13. Qxe5 Rfe8 14. Nc3 d4 15. Ne4 Nxe4 16. dxe4 f6 17. Bxf6 Bxf6 18. Qxc5 Rac8 19. Qb4 Kh8 20. Qb3 Qc6 21. Rac1 Rxe4 22. Qf7 h6 23. Rxe4 Qxe4 24. Qd7 Rxc2 25. Rf1 d3 26. g3 Bd4 27. Qd8+ Kh7 28. Qf8 d2 {White resigns} 0-1

[Event "FICS rated standard game"]
[Site "FICS freechess.org"]
[FICSGamesDBGameNo "20001832"]
[White "winzity"]
[Black "Bjorn"]
[WhiteElo "1747"]
[BlackElo "2020"]
[WhiteRD "na"]
[BlackRD "na"]
[TimeControl "900+60"]
[Date "1999.09.16"]
[Time "09:45:00"]
[WhiteClock "0:15:00.000"]
[BlackClock "0:15:00.000"]
[ECO "B77"]
[PlyCount "46"]
[Result "0-1"]

1. e4 c5 2. Nf3 Nc6 3. d4 cxd4 4. Nxd4 g6 5. Nc3 Bg7 6. Be3 Nf6 7. f3 O-O 8. Bc4 d6 9. Qd2 Bd7 10. g4 Rc8 11. Bb3 a6 12. h4 Qa5 13. O-O-O Nxd4 14. Bxd4 h5 15. gxh5 Qxh5 16. Rdg1 Bh6 17. Be3 Kg7 18. Bxh6+ Qxh6 19. f4 Rxc3 20. bxc3 Nxe4 21. Qd4+ Nf6 22. Kb2 Bc6 23. Rg5 Bxh1 {White resigns} 0-1

[Event "FICS rated blitz game"]
[Site "FICS freechess.org"]
[FICSGamesDBGameNo "20001831"]
[White "compassion"]
[Black "huberty"]
[WhiteElo "1832"]
[BlackElo "1876"]
[WhiteRD "na"]
[BlackRD "na"]
[TimeControl "180+0"]
[Date "1999.09.16"]
[Time "08:52:00"]
[WhiteClock "0:03:00.000"]
[BlackClock "0:03:00.000"]
[ECO "B70"]
[PlyCount "37"]
[Result "1-0"]

1. e4 c5 2. Nf3 d6 3. d4 cxd4 4. Nxd4 Nf6 5. Nc3 g6 6. Be2 Nc6 7. Be3 Bg7 8. f3 O-O 9. Qd2 Bd7 10. O-O-O a6 11. g4 b5 12. h4 Qa5 13. Nb3 Qc7 14. h5 Rfc8 15. hxg6 fxg6 16. Bh6 Bh8 17. g5 Nh5 18. Nd5 e6 19. Nxc7 {Black resigns} 1-0

[Event "FICS rated blitz game"]
[Site "FICS freechess.org"]
[FICSGamesDBGameNo "20001829"]
[White "Kolas"]
[Black "umf"]
[WhiteElo "1630"]
[BlackElo "1321"]
[WhiteRD "na"]
[BlackRD "na"]
[TimeControl "180+0"]
[Date "1999.09.16"]
[Time "06:03:00"]
[WhiteClock "0:03:00.000"]
[BlackClock "0:03:00.000"]
[ECO "C36"]
[PlyCount "23"]
[Result "1-0"]

1. e4 e5 2. f4 exf4 3. Nf3 d5 4. exd5 Qxd5 5. Nc3 Qe6+ 6. Qe2 Qxe2+ 7. Bxe2 c6 8. O-O Bc5+ 9. d4 Bb6 10. Ne4 Bf5 11. Nd6+ Ke7 12. Nxf5+ {Black resigns} 1-0

[Event "FICS rated standard game"]
[Site "FICS freechess.org"]
[FICSGamesDBGameNo "20001828"]
[White "BlackPeter"]
[Black "DireWolf"]
[WhiteElo "1667"]
[BlackElo "1576"]
[WhiteRD "na"]
[BlackRD "na"]
[TimeControl "1200+20"]
[Date "1999.09.15"]
[Time "22:58:00"]
[WhiteClock "0:20:00.000"]
[BlackClock "0:20:00.000"]
[ECO "C40"]
[PlyCount "140"]
[Result "0-1"]

1. e4 e5 2. Nf3 f5 3. Nc3 fxe4 4. Nxe5 d5 5. d3 d4 6. Nxe4 Qd5 7. Qh5+ g6 8. Qg5 Be7 9. Qf4 Nc6 10. c4 Qxe5 11. Qxe5 Nxe5 12. Bf4 Ng4 13. Bxc7 Bb4+ 14. Nd2 N8f6 15. a3 Be7 16. Be2 O-O 17. O-O Bd7 18. Rae1 Rfe8 19. h3 Nh6 20. Nf3 Nf7 21. Nxd4 Bc5 22. Nc2 Ba4 23. Bd1 Rac8 24. Rxe8+ Rxe8 25. Ne3 Bc6 26. b4 Bd6 27. Bxd6 Nxd6 28. b5 Bd7 29. Bg4 Bxg4 30. Nxg4 Nxg4 31. hxg4 Re2 32. c5 Nxb5 33. a4 Nd4 34. Rb1 Ra2 35. Rb4 Ra1+ 36. Kh2 Ne6 37. d4 Nd8 38. d5 Rc1 39. Re4 Nf7 40. Re8+ Kg7 41. d6 Rxc5 42. d7 Rd5 43. Re7 a6 44. f4 b5 45. axb5 axb5 46. f5 gxf5 47. gxf5 Kf6 48. Re6+ Kg5 49. Re7 Ne5 50. d8=Q Rxd8 51. Rxe5 b4 52. Rb5 Rd4 53. Kh3 h5 54. g3 Re4 55. Kg2 Kf6 56. Kf3 Rc4 57. Ke3 Rc3+ 58. Kf2 b3 59. Ke2 Rxg3 60. Kd2 h4 61. Kc1 h3 62. Kb2 h2 63. Rxb3 Rg2+ 64. Ka3 h1=Q 65. Rb6+ Kxf5 66. Rb5+ Kg4 67. Rb4+ Kf3 68. Rb3+ Kf2 69. Rb2+ Kg3 70. Rxg2+ Kxg2 {White resigns} 0-1

[Event "FICS rated blitz game"]
[Site "FICS freechess.org"]
[FICSGamesDBGameNo "20001827"]
[White "TUNUR"]
[Black "cfcoen"]
[WhiteElo "1725"]
[BlackElo "1370"]
[WhiteRD "na"]
[BlackRD "na"]
[TimeControl "300+3"]
[Date "1999.09.15"]
[Time "19:27:00"]
[WhiteClock "0:05:00.000"]
[BlackClock "0:05:00.000"]
[ECO "E41"]
[PlyCount "49"]
[Result "1-0"]

1. d4 Nf6 2. c4 e6 3. Nc3 Bb4 4. e3 c5 5. Nf3 cxd4 6. exd4 O-O 7. Qc2 d5 8. Bg5 Nbd7 9. Bd3 Qa5 10. cxd5 Nxd5 11. Bd2 N7f6 12. O-O Nxc3 13. bxc3 Be7 14. Bg5 h6 15. Bh4 Qh5 16. Bg3 Bd7 17. Ne5 Rfd8 18. Rab1 a6 19. Rxb7 Bd6 20. Nxd7 Rxd7 21. Rxd7 Bxg3 22. fxg3 Nxd7 23. Qf2 Nf6 24. Qf3 a5 25. Qxa8+ {Black resigns} 1-0

[Event "FICS rated blitz game"]
[Site "FICS freechess.org"]
[FICSGamesDBGameNo "20001826"]
[White "rvrplate"]
[Black "Chessnuts"]
[WhiteElo "1372"]
[BlackElo "1316"]
[WhiteRD "na"]
[BlackRD "na"]
[TimeControl "180+0"]
[Date "1999.09.15"]
[Time "18:13:00"]
[WhiteClock "0:03:00.000"]
[BlackClock "0:03:00.000"]
[ECO "C42"]
[PlyCount "46"]
[Result "0-1"]

1. e4 e5 2. Nf3 Nf6 3. Bc4 d6 4. Ng5 d5 5. exd5 Nxd5 6. Nxf7 Kxf7 7. Bxd5+ Qxd5 8. O-O Be7 9. Nc3 Qc6 10. d3 Rf8 11. Ne4 Kg8 12. c3 Nd7 13. Qb3+ Kh8 14. Be3 Nf6 15. Nxf6 Bxf6 16. Rac1 Be6 17. Qa3 Bd5 18. c4 Bxg2 19. Rfe1 Bh1 20. f3 Qxf3 21. Rc2 Bh4 22. Rf2 Bxf2+ 23. Kf1 Bxe3# {White checkmated} 0-1

[Event "FICS rated blitz game"]
[Site "FICS freechess.org"]
[FICSGamesDBGameNo "20001825"]
[White "schulle"]
[Black "qgd"]
[WhiteElo "1601"]
[BlackElo "1651"]
[WhiteRD "na"]
[BlackRD "na"]
[TimeControl "120+12"]
[Date "1999.09.15"]
[Time "17:10:00"]
[WhiteClock "0:02:00.000"]
[BlackClock "0:02:00.000"]
[ECO "D35"]
[PlyCount "77"]
[Result "1/2-1/2"]

1. d4 d5 2. c4 e6 3. Nc3 Nf6 4. cxd5 exd5 5. Bg5 Be7 6. e3 c6 7. Bd3 Ne4 8. Bxe7 Qxe7 9. Bxe4 dxe4 10. Qc2 f5 11. Nge2 O-O 12. O-O Kh8 13. d5 Rf6 14. Rad1 Rh6 15. dxc6 Nxc6 16. Nd5 Qe5 17. g3 Be6 18. Nef4 Bg8 19. Qc3 Qxc3 20. Nxc3 Rd8 21. Rxd8 Nxd8 22. Rd1 Nc6 23. a3 Rf6 24. Rd7 Rf7 25. Rxf7 Bxf7 26. Nb5 g6 27. Nd6 Nd8 28. h4 Kg7 29. Kf1 Kf6 30. Ke1 Ke5 31. Nb5 Nc6 32. Kd2 Bc4 33. Nc3 Kd6 34. Kc2 Ne5 35. b3 Ba6 36. Nd1 Bd3+ 37. Kc3 Bf1 38. Nb2 Ng4 39. Nd1 {Game drawn by mutual agreement} 1/2-1/2

[Event "FICS rated blitz game"]
[Site "FICS freechess.org"]
[FICSGamesDBGameNo "20001824"]
[White "Silvia"]
[Black "Turkishmaster"]
[WhiteElo "1818"]
[BlackElo "1530"]
[WhiteRD "na"]
[BlackRD "na"]
[TimeControl "180+0"]
[Date "1999.09.15"]
[Time "15:53:00"]
[WhiteClock "0:03:00.000"]
[BlackClock "0:03:00.000"]
[ECO "C00"]
[PlyCount "118"]
[Result "0-1"]

1. e4 e6 2. d4 d5 3. Be3 dxe4 4. f3 e5 5. d5 exf3 6. Nxf3 Nf6 7. Nc3 e4 8. Ng5 Bf5 9. Bb5+ Nbd7 10. O-O Bg6 11. Qd4 a6 12. Bxd7+ Qxd7 13. Ngxe4 Be7 14. Rad1 O-O 15. Nc5 Bxc5 16. Qxc5 Rad8 17. Rd2 Rfe8 18. Bg5 Qd6 19. Qxd6 Rxd6 20. Bxf6 Rxf6 21. Rxf6 gxf6 22. Kf2 Kf8 23. Kg3 Ke7 24. Re2+ Kd7 25. Rxe8 Kxe8 26. Ne2 Kd7 27. c4 Kd6 28. Nf4 Kc5 29. Kf2 Kxc4 30. Ke3 b5 31. h4 h5 32. g3 a5 33. Kd2 b4 34. a3 Kd4 35. axb4 axb4 36. Ke2 Kc4 37. Kd2 Kd4 38. Ke2 Kc4 39. Ng2 Kb3 40. Ne3 Kxb2 41. Nc4+ Kc3 42. Na5 b3 43. Nxb3 Kxb3 44. Ke3 Kc4 45. d6 cxd6 46. Kd2 d5 47. Ke3 d4+ 48. Kd2 d3 49. g4 hxg4 50. Ke3 g3 51. Kf4 d2 52. h5 Bxh5 53. Kf5 Kc5 54. Kxf6 d1=Q 55. Kg7 g2 56. Kf8 g1=Q 57. Ke7 Qe2+ 58. Kf8 Qgd1 59. Kg7 Qd8 {White forfeits on time} 0-1

[Event "FICS rated blitz game"]
[Site "FICS freechess.org"]
[FICSGamesDBGameNo "20001823"]
[White "Sternikev"]
[Black "Elarce"]
[WhiteElo "1628"]
[BlackElo "1667"]
[WhiteRD "na"]
[BlackRD "na"]
[TimeControl "180+0"]
[Date "1999.09.15"]
[Time "15:45:00"]
[WhiteClock "0:03:00.000"]
[BlackClock "0:03:00.000"]
[ECO "B07"]
[PlyCount "108"]
[Result "1/2-1/2"]

1. e4 d6 2. Nf3 Nf6 3. Nc3 g6 4. d3 Bg7 5. Be2 c5 6. Be3 O-O 7. Qd2 Ng4 8. Bg5 h6 9. Bf4 e5 10. Be3 Nc6 11. h3 Nxe3 12. Qxe3 f5 13. exf5 gxf5 14. O-O-O Be6 15. Kb1 Nd4 16. Rhg1 Qa5 17. a3 b5 18. g4 f4 19. Qe4 b4 20. Nxd4 cxd4 21. Nd5 Qxd5 22. Qxd5 Bxd5 23. h4 bxa3 24. bxa3 Rab8+ 25. Ka1 Rb6 26. g5 hxg5 27. Rxg5 Kf7 28. h5 Bf6 29. Rc1 Bxg5 30. Rg1 Rh8 31. Rxg5 Rbb8 32. Bg4 Rbg8 33. Rf5+ Ke7 34. Be2 Be6 35. Bg4 Bxf5 36. Bxf5 Rxh5 37. Be4 Rh2 38. Kb2 Rxf2 39. Kb3 Rgg2 40. Kb4 Rxc2 41. Kb5 Rb2+ 42. Ka6 Rgc2 43. a4 Ra2 44. a5 Rc5 45. Kxa7 Rcxa5+ 46. Kb6 Ra8 47. Kb7 Rd8 48. Kc6 Rf2 49. Kd5 f3 50. Kc4 Rc2+ 51. Kd5 f2 52. Bf5 f1=Q 53. Ke4 Qxf5+ 54. Kd5 Rc3 {Game drawn by stalemate} 1/2-1/2